 Dungeon Crawl Stone Soup version 0.32-a0-306-gfed3edf829 (webtiles) character file.

Game seed: 17295446376620050618

77 jink69 the Cudgeller (level 4, -1/28 HPs)
             Began as a Gargoyle Gladiator on Feb 15, 2024.
             Incinerated by a bombardier beetle (4 damage)
             ... with a burning spray
             ... on level 2 of the Dungeon.
             The game lasted 00:04:13 (1567 turns).

jink69 the Cudgeller (Gargoyle Gladiator)           Turns: 1567, Time: 00:04:14

Health: -1/28      AC:  8    Str: 20    XL:     4   Next: 33%
Magic:  4/4        EV: 12    Int:  8    God:
Gold:   182        SH:  0    Dex: 11    Spells: 3/3 levels left

rFire   . . .        a - +0 flail
rCold   . . .        (no shield)
rNeg    + . .        b - +0 leather armour
rPois   ∞            c - +0 helmet
rElec   +            (no cloak)
rCorr   .            (no gloves)
SInv    .            o - +0 pair of boots
Will    .....        (no amulet)
Stlth   +            (no ring)
HPRegen 0.24/turn    (no ring)
MPRegen 0.09/turn

%: no passive effects
@: on fire, glowing
A: sickness immunity, AC +3, negative energy resistance 1, electricity
resistance, torment resistance 1, petrification resistance
a: no special abilities


You were on level 2 of the Dungeon.
You visited 1 branch of the dungeon, and saw 3 of its levels.

You collected 182 gold pieces.

Inventory:

Hand Weapons
 a - a +0 flail (weapon)
Missiles
 d - 3 throwing nets (quivered)
 e - a javelin
Armour
 b - a +0 leather armour (worn)
 c - a +0 helmet (worn)
 o - a +0 pair of boots (worn)
Jewellery
 h - a +6 ring of strength
Scrolls
 g - a scroll of enchant weapon {unknown}
 i - 2 scrolls of noise {unknown}
 k - a scroll of enchant armour {unknown}
 q - a scroll of vulnerability {unknown}
 r - a scroll of identify {unknown}
Potions
 f - a potion of attraction {unknown}
 j - a potion of enlightenment {unknown}
 l - a potion of ambrosia {unknown}
 m - a potion of heal wounds {unknown}
 n - a potion of magic {unknown}
 p - a potion of mutation {unknown}


   Skills:
 + Level 3.0 Fighting
 + Level 3.8 Maces & Flails
 + Level 2.0 Throwing
 + Level 1.5 Armour
 + Level 2.7 Dodging


You had 3 spell levels left.
You didn't know any spells.
Your spell library contained the following spells:

 Spells                   Type           Power      Damage    Failure   Level
 Apportation              Tloc           0%         N/A       45%         1
 Shock                    Conj/Air       0%         1d3       45%         1
 Jinxbite                 Hex            0%         N/A       58%         2
 Swiftness                Air            0%         N/A       83%         3
 Airstrike                Air            0%         2d(0-16)  99%         4
 Alistair's Intoxication  Alch           0%         N/A       100%        5


Dungeon Overview and Level Annotations

Branches:
Dungeon (3/15)

Altars:
Sif Muna
Wu Jian


Innate Abilities, Weirdness & Mutations

You are immune to sickness and miasma.
Your stone body is resilient. (AC +3)
You are immune to poison.
You resist negative energy. (rN+)
You are resistant to electric shocks. (rElec)
You are resistant to unholy torment.
You are immune to petrification.


Message History

The kobold throws a stone.
The stone hits you but does no damage.
The bombardier beetle sprays incendiary fluid at you.
The burning spray hits you.
You are covered in liquid fire!
There is a stone staircase leading up here.
Unknown command.
The liquid fire burns you!
The kobold throws a stone.
The stone barely misses you.
You shake off some of the fire as you move.
You climb upwards.
The liquid fire burns you!
There is a stone staircase leading down here.
Unknown command.
You shake off the liquid fire.
There is a stone staircase leading down here.
HP restored.
Done exploring.
Done exploring.
No target in view!
There is a stone staircase leading down here.
You climb downwards.
There is a stone staircase leading up here.
The bombardier beetle sprays incendiary fluid at you.
The burning spray hits you.
You are covered in liquid fire!
The liquid fire burns you! The liquid fire burns you!
The liquid fire burns you!
Unknown command.
The liquid fire burns you!
The kobold hits you with a +1 whip of draining.
* * * LOW HITPOINT WARNING * * *
You shake off some of the fire as you move.
You climb upwards.
The liquid fire burns you!
* * * LOW HITPOINT WARNING * * *
There is a stone staircase leading down here.
You barely miss the kobold. The liquid fire burns you!
You die...

....÷......# #.# ##...........
...........# #.# ##............
...........###.#####.............
............##.#.....)..)........
.......÷.........#.#.............
........÷.....#....#.............
.......<......#^.###.............
................#####..>.........
#...............@K####...........
########.#..........###....######
#.......#.........###
###.....#.........## #
#......##.........# ###
#.#(...####..####.# ..###
#.#.....# #...###.# ....#
##.#.....# #....##.#
#<..####........# ##.#.##.## ###


You could see a kobold.

Vanquished Creatures
  An adder (D:2)
  A ribbon worm (D:2)
  6 ball pythons
  4 bats
  An endoplasm (D:2)
  4 giant cockroaches
  2 goblins (D:1)
  A hobgoblin (D:1)
  A quokka (D:2)
  4 frilled lizards
  6 kobolds
  7 rats
38 creatures vanquished.

Notes
Turn   | Place    | Note
-------+----------+-------------------------------------------
     0 | D:1      | jink69 the Gargoyle Gladiator began the quest for the Orb.
     0 | D:1      | Reached XP level 1. HP: 12/12 MP: 1/1
   148 | D:1      | Reached XP level 2. HP: 18/18 MP: 2/2
   411 | D:1      | Reached XP level 3. HP: 22/22 MP: 3/3
   908 | D:2      | Reached skill level 1 in Armour
   915 | D:2      | Found an ornate altar of the Wu Jian Council.
   922 | D:2      | Reached XP level 4. HP: 23/27 MP: 4/4
  1458 | D:3      | Found a shimmering blue altar of Sif Muna.
  1567 | D:2      | Incinerated by a bombardier beetle

Illustrated notes

Levels and vault maps discovered:
D:1:      arrival_zaba_pyramid, layout_loops_ring, minmay_misc_feat_diagonals,
          minmay_gold_behind_fungi, dreamdust_princess_corridor
D:2:      layout_rooms, basic_altar
D:3:      layout_rooms, lemuel_doored_altar, led_sif_pool, uniq_jessica

Skill      XL: |  1  2  3  4 |
---------------+-------------+-----
Throwing       | 2 |  2.0
Armour         | 1 |  1.5
Fighting       | 3 |  3.0
Maces & Flails | |  3.8
Dodging        | |  2.7

Action                     |  1- 3 |  4- 6 || total
---------------------------+-------+-------++-------
  Melee: Flail             |    72 |    29 ||   101
 Armour: Leather armour    |    36 |    22 ||    58
  Dodge: Dodged            |    48 |    15 ||    63

Table legend: (Time is in decaauts)
 A = Elapsed time spent in this place.
 B = Non-inter-level travel time spent in this place.
 C = Inter-level travel time spent in this place.
 D = Time resting spent in this place.
 E = Time spent auto-exploring this place.
 F = Levels seen in this place.
 G = Mean time per level.
                   A        B        C        D        E       F      G
               +--------+--------+--------+--------+--------+-----+--------+
         Total |   1590 |   1544 |     46 |    100 |   1100 |   3 |  530.0 |
       Dungeon |   1590 |   1544 |     46 |    100 |   1100 |   3 |  530.0 |
               +--------+--------+--------+--------+--------+-----+--------+

Top non-repeatable levels by time:
     D:1: 902 daAuts
     D:2: 610 daAuts
     D:3: 78 daAuts
